 Dungeon Crawl Stone Soup version 0.23-a0-650-ga4d50d4 (webtiles) character file.

5288 Borgoz the Covert (level 10, -11/68 HPs)
             Began as a Halfling Assassin on Jan 2, 2019.
             Was a Follower of Dithmenos.
             Killed from afar by Erolcha (31 damage)
             ... with a crystal spear
             ... on level 9 of the Dungeon.
             The game lasted 00:27:53 (11996 turns).

Borgoz the Covert (Halfling Assassin)              Turns: 11996, Time: 00:27:53

Health: -11/68     AC:  7    Str: 12    XL:     10   Next: 94%
Magic:  10/10      EV: 18    Int:  9    God:    Dithmenos [*.....]
Gold:   472        SH:  0    Dex: 20    Spells: 6/9 levels left

rFire    . . .     SeeInvis .   a - +3 dagger
rCold    . . .     Gourm    .   (shield restricted)
rNeg     . . .     Faith    .   q - +0 ring mail
rPois    .         Spirit   .   (no helmet)
rElec    .         Reflect  .   d - +0 cloak
rCorr    +         Harm     .   (no gloves)
MR       .....                  (no boots)
Stlth    +++++.....             (no amulet)
HPRegen  0.21/turn              o - ring of resist corrosion
MPRegen  0.12/turn              G - ring of flight

@: wreathed by umbra
A: small, mutation resistance 1
a: Renounce Religion, Evoke Flight


You were on level 9 of the Dungeon.
You worshipped Dithmenos.
Dithmenos was aware of your devotion.
You were hungry.

You visited 2 branches of the dungeon, and saw 10 of its levels.
You also visited: Ossuary.

You collected 542 gold pieces.
You spent 70 gold pieces at shops.

Inventory:

Hand Weapons
 a - a +3 dagger (weapon)
 b - a +0 blowgun
Missiles
 e - 48 poisoned needles
 f - 2 curare-tipped needles
Armour
 d - a +0 cloak (worn)
 q - a +0 ring mail (worn)
 s - the +1 scale mail of Absence {rElec}
   (You found it on level 5 of the Dungeon)

   It insulates you from electricity.
Jewellery
 o - a ring of resist corrosion (left hand)
 G - a ring of flight (right hand)
Wands
 p - a wand of random effects (17)
 y - a wand of iceblast (10)
 C - a wand of acid (20)
 H - a wand of disintegration (8)
Scrolls
 h - 2 scrolls of blinking
 j - 2 scrolls of fog
 k - 2 scrolls of fear
 n - 6 scrolls of teleportation
 r - a scroll of magic mapping {unknown}
 t - 4 scrolls of enchant armour
 u - 2 scrolls of remove curse
 A - a scroll of random uselessness {unknown}
 B - 2 scrolls of amnesia
 D - a scroll of immolation {unknown}
Potions
 c - 3 potions of haste
 i - 5 potions of curing
 l - 3 potions of might
 m - 7 potions of flight
 v - 2 potions of invisibility
 w - a potion of berserk rage {unknown}
 x - a potion of mutation {unknown}
 z - 2 potions of brilliance
 F - a potion of resistance {unknown}
Comestibles
 g - 19 rations
 E - 8 chunks of flesh


   Skills:
 + Level 6.1 Fighting
 + Level 7.8 Short Blades
 - Level 2.0 Throwing
 + Level 6.8 Armour
 + Level 6.9 Dodging
 * Level 11.4 Stealth


You had 6 spell levels left.
You knew the following spells:

 Your Spells              Type           Power        Failure   Level  Hunger
a - Regeneration          Chrm/Necr      #.........   94%         3    ####...

Your spell library contained the following spells:

 Spells                   Type           Power        Failure   Level  Hunger
 Infusion                 Chrm           #...         63%         1    ##.....
 Shroud of Golubria       Chrm/Tloc      #.........   77%         2    ###....
 Song of Slaying          Chrm           #.......     77%         2    ###....
 Spectral Weapon          Hex/Chrm       #.......     94%         3    ####...


Dungeon Overview and Level Annotations

Branches:
Dungeon (9/15)             Temple (1/1) D:6            Lair (0/6) D:8
    Orc: D:9-12

Altars:
Ashenzari
Cheibriados
Dithmenos
Elyvilon
Fedhas
Gozag
Hepliaklqana
Kikubaaqudgha
Makhleb
Nemelex Xobeh
Okawaru
Qazlal
Ru
Sif Muna
Trog
Uskayaw
Vehumet
Wu Jian
Xom
Yredelemnul
Zin
The Shining One

Shops:
D:5 ?

Annotations:
D:9 Erolcha


Innate Abilities, Weirdness & Mutations

You are small and have problems with some larger weapons.
You are somewhat resistant to further mutation.


Message History

The crystal spear misses you.
You hit Erolcha but do no damage.
Erolcha is moderately wounded.
Erolcha barely misses you.
You hit Erolcha.
Erolcha is moderately wounded.
Erolcha hits you with a +0 giant club!!
* * * LOW HITPOINT WARNING * * *
You are too injured to fight recklessly!
You are too injured to fight recklessly!
Things that are here:
a +0 flail; an orc skeleton Erolcha closely misses you.
Things that are here:
a +0 dagger; a +0 robe; an orc skeleton Erolcha casts a spell at you.
The crystal spear misses you. Erolcha casts a spell at you.
The crystal spear hits you!
You die...

.)................
..................
..................
..................
..................
..................
..................
#####################)#######
......).........@.Oz).####
......<......................
##########...................
#...................
#...................
#...................
#...................
####################


You could see Erolcha and a wight.

Vanquished Creatures
  Harold (D:7)
  Pikel (D:7)
  Joseph (D:7)
  A yak (D:8)
  Edmund (D:6)
  A porcupine (D:8)
  2 orc warriors
  2 slaves (D:7)
  2 sky beasts
  4 black bears (D:8)
  2 ice beasts
  4 ogres
  A centaur (D:7)
  An elf zombie (Ossuary)
  5 bullfrogs
  3 scorpions
  3 killer bees (D:8)
  5 howler monkeys
  4 centaur zombies
  6 crimson imps
  3 bullfrog zombies
  A hound (D:5)
  2 orc priests (D:9)
  5 orc wizards
  2 bullfrog skeletons
  An iguana (D:7)
  6 worker ants
  A big kobold zombie (Ossuary)
  A hound zombie (Ossuary)
  4 mummies
  A howler monkey zombie (D:3)
  3 worker ant zombies
  3 gnolls (D:8)
  12 adders
  A shadow imp (D:8)
  An ooze (D:1)
  2 adder zombies
  An adder skeleton (D:8)
  2 worms
  2 dart slugs
  6 leopard geckos
  18 orcs
  9 bats
  4 giant cockroaches
  6 hobgoblins
  17 jackals
  5 quokkas
  5 frilled lizards
  A giant cockroach zombie (D:3)
  4 gnoll zombies (Ossuary)
  7 goblins
  7 goblin zombies (Ossuary)
  A hobgoblin zombie (Ossuary)
  2 jackal skeletons
  7 jackal zombies (Ossuary)
  9 kobolds
  4 kobold zombies (Ossuary)
  A leopard gecko zombie (D:5)
  2 orc zombies (Ossuary)
  5 quokka skeletons
  3 quokka zombies
  5 rats
  5 rat zombies (Ossuary)
  A butterfly (D:2)
  4 fungi
  2 plants (D:8)
244 creatures vanquished.

Vanquished Creatures (others)
  16 fungi (D:8)
  2 plants (D:8)
18 creatures vanquished.

Grand Total: 262 creatures vanquished

Notes
Turn   | Place    | Note
-------+----------+-------------------------------------------
     0 | D:1      | Borgoz the Halfling Assassin began the quest for the Orb.
     0 | D:1      | Reached XP level 1. HP: 14/14 MP: 1/1
    84 | D:1      | Reached XP level 2. HP: 18/19 MP: 2/2
   636 | D:1      | Reached XP level 3. HP: 22/24 MP: 3/3
   693 | D:1      | Reached skill level 1 in Armour
  1047 | D:2      | Found a shimmering altar of Xom.
  1218 | D:2      | Reached XP level 4. HP: 29/29 MP: 4/4
  1230 | D:2      | Reached skill level 5 in Stealth
  1373 | D:2      | Found a deep blue altar of Sif Muna.
  2006 | D:3      | Reached XP level 5. HP: 15/35 MP: 5/5
  2396 | D:3      | Found a burning altar of Makhleb.
  2469 | D:3      | Found a hazy altar of Hepliaklqana.
  3426 | D:4      | Found an iron altar of Okawaru.
  3500 | D:4      | Reached XP level 6. HP: 27/41 MP: 6/6
  3641 | D:4      | Found a sacrificial altar of Ru.
  4068 | D:4      | Reached skill level 6 in Stealth
  4733 | D:4      | Found a sparkling altar of Nemelex Xobeh.
  4989 | D:4      | Found a white marble altar of Elyvilon.
  5180 | D:5      | Entered Level 5 of the Dungeon
  5258 | D:5      | Got a bloodstained scale mail
  5269 | D:5      | Identified the cursed +1 scale mail of Absence {rElec} (You
                  | found it on level 5 of the Dungeon)
  5364 | D:5      | Found Xusakuce's Magic Scroll Emporium.
  5371 | D:5      | Bought a scroll of remove curse for 30 gold pieces
  5371 | D:5      | Bought a scroll of identify for 20 gold pieces
  5371 | D:5      | Bought a scroll of identify for 20 gold pieces
  5449 | D:5      | Reached XP level 7. HP: 46/46 MP: 7/7
  5647 | D:5      | Noticed an angel
  5648 | D:5      | Found a glowing silver altar of Zin.
  6021 | D:5      | Learned a level 3 spell: Regeneration
  6089 | D:5      | Reached skill level 7 in Stealth
  6102 | D:5      | Found a blossoming altar of Fedhas.
  6360 | D:5      | Reached XP level 8. HP: 52/52 MP: 8/8
  6618 | D:6      | Found a basalt altar of Yredelemnul.
  6619 | D:6      | Noticed Edmund
  6625 | D:6      | Killed Edmund
  6644 | D:6      | Reached skill level 5 in Short Blades
  6707 | D:6      | Found a sand-covered staircase.
  6725 | Ossuary  | Entered an ossuary
  6865 | Ossuary  | Reached skill level 8 in Stealth
  7397 | D:6      | Reached XP level 9. HP: 51/58 MP: 9/9
  8253 | D:6      | Reached skill level 9 in Stealth
  8361 | D:6      | Reached skill level 5 in Dodging
  8409 | D:6      | Found a staircase to the Ecumenical Temple.
  8418 | Temple   | Entered the Ecumenical Temple
  8500 | Temple   | Became a worshipper of Dithmenos the Shadowed
  8877 | D:7      | Noticed Joseph
  8884 | D:7      | Killed Joseph
  8884 | D:7      | Reached skill level 5 in Armour
  9063 | D:7      | Noticed Pikel
  9113 | D:6      | Reached skill level 5 in Fighting
  9167 | D:7      | Noticed Harold
  9170 | D:7      | Killed Harold
  9170 | D:7      | Reached skill level 10 in Stealth
  9170 | D:7      | Reached XP level 10. HP: 66/66 MP: 10/10
  9466 | D:7      | Killed Pikel
  9572 | D:7      | Found a shattered altar of Ashenzari.
 10010 | D:8      | Reached * piety under Dithmenos
 10578 | D:8      | Reached skill level 11 in Stealth
 10801 | D:8      | Found a staircase to the Lair.
 11972 | D:9      | Noticed Erolcha
 11996 | D:9      | Killed from afar by Erolcha

Vault maps used:
D:1:      grunt_arrival_lava_bath, serial_park_tiny_pond
D:2:      xom_butterflies, lemuel_round_altar, first_ration,
          grunt_decor_mini_mirrors, grunt_decor_arrowhead
D:3:      lemuel_crystal_altar, overflow_temple_1_default, serial_undead,
          serial_undead_f, serial_undead_e, serial_undead_f, serial_undead_e,
          feat_on_display
D:4:      nicolae_overflow_crystal_walls, nicolae_ru_the_path_less_chosen,
          nicolae_overflow_hidden_temple, lemuel_crystal_altar
D:5:      kennysheep_little_box, zin_angel, serial_shops, nicolae_shop_stone
D:6:      yredelemnul_altar_generic, lemuel_temple_firewalk_b,
          gup_ossuary_entry_pyramid, uniq_edmund
D:7:      kennysheep_mini, uniq_joseph, uniq_harold, uniq_pikel
D:8:      due_lair_maze_entry_diamond
D:9:      david_orc_5, uniq_erolcha
Temple:   eino_temple_lava
Ossuary:  minmay_ossuary_two_tombs

Skill      XL: |  1  2  3  4  5  6  7  8  9 10 |
---------------+-------------------------------+-----
Fighting       | 2 3 4 5 6 |  6.1
Armour         | 1 2 3 4 5 6 |  6.8
Short Blades   | 3 4 5 6 7 |  7.8
Stealth        | 5 6 7 8 10 11 | 11.4
Dodging        | 2 3 4 6 |  6.9
Throwing       | |  2.0

Action                   |  1- 3 |  4- 6 |  7- 9 | 10-12 || total
-------------------------+-------+-------+-------+-------++-------
Melee: Dagger            |    91 |   356 |   653 |   659 ||  1759
 Fire: Blowgun           |       |     3 |    27 |    33 ||    63
  Use: Scroll            |       |     8 |     5 |     3 ||    16
       Potion            |       |       |       |     1 ||     1
 Stab: Sleeping          |     3 |    10 |    25 |     4 ||    42
  Eat: Chunk             |       |    13 |     4 |     9 ||    26
       Ration            |       |       |     3 |       ||     3
Armor: Robe              |    10 |       |       |       ||    10
       Ring mail         |     8 |    90 |   119 |    68 ||   285
Dodge: Dodged            |    64 |   215 |   383 |   329 ||   991

Table legend:
 A = Non-vault XP
 B = Vault XP
 C = Vault XP percentage of total XP
 D = Non-vault monster count
 E = Vault monster count
 F = Vault count percentage of total count
                 A         B        C        D         E       F
            +---------+---------+-------+---------+---------+-------
      Total |    3691 |    3864 |  51.1 |     169 |      66 |  28.1
            +---------+---------+-------+---------+---------+-------
        D:1 |      45 |       0 |   0.0 |      23 |       0 |   0.0
        D:2 |      65 |       0 |   0.0 |      17 |       0 |   0.0
        D:3 |      73 |      41 |  36.0 |      26 |       6 |  18.8
        D:4 |     199 |       0 |   0.0 |      13 |       0 |   0.0
        D:5 |     734 |       0 |   0.0 |      15 |       0 |   0.0
        D:6 |     944 |     184 |  16.3 |      25 |       2 |   7.4
        D:7 |     546 |    2027 |  78.8 |      16 |       3 |  15.8
        D:8 |     586 |    1286 |  68.7 |      18 |      13 |  41.9
        D:9 |     499 |       3 |   0.6 |      16 |       1 |   5.9
    Ossuary |       0 |     323 | 100.0 |       0 |      41 | 100.0
            +---------+---------+-------+---------+---------+-------
